 Dungeon Crawl Stone Soup version 0.21.1-1-g345015f (webtiles) character file.

92169 bobmail the Warrior (level 15, -7/214 HPs)
             Began as a Minotaur Berserker on Feb 12, 2018.
             Was the Champion of Trog.
             Mangled by an orc warrior
             ... wielding a +0 glaive
              (11 damage)
             ... on level 2 of the Orcish Mines on Feb 13, 2018.
             The game lasted 01:39:24 (25885 turns).

bobmail the Warrior (Minotaur Berserker)           Turns: 25885, Time: 01:39:26

Health: -7/214     AC: 21    Str: 35    XL:     15   Next: 57%
Magic:  20/20      EV: 18    Int:  4    God:    Trog [******]
Gold:   2110       SH:  0    Dex: 16    Spells: 14/14 levels left

rFire    + . .     SeeInvis .   a - +9 lajatang "Quydydem" {flame, *Contam rF+ Str+4}
rCold    + . .     Gourm    +   (shield currently unavailable)
rNeg     + . .     Faith    .   F - +5 scale mail of the Bruised Curses {rPois rN+ Dex+4}
rPois    +         Spirit   .   (helmet restricted)
rElec    .         Reflect  .   B - +2 cloak {MR+}
rCorr    .         Harm     .   Q - +0 pair of gloves
MR       ++++.                  P - +0 pair of boots {Fly}
Stlth    ..........             O - amulet of the gourmand
HPRegen  1.45/turn              q - ring of ice
MPRegen  0.17/turn              f - ring of protection from fire

@: berserking, flying, regenerating, drained, very quick
A: retaliatory headbutt, horns 2
a: Berserk, Trog's Hand, Brothers in Arms, Burn Spellbooks, Renounce Religion,
Stop Flying


You were on level 2 of the Orcish Mines.
You worshipped Trog.
Trog was exalted by your worship.
You were very full.

You visited 3 branches of the dungeon, and saw 23 of its levels.
You also visited: Labyrinth.

You collected 2110 gold pieces.

Inventory:

Hand Weapons
 a - the +9 lajatang "Quydydem" (weapon) {flame, *Contam rF+ Str+4}
   (Trog gifted it to you on level 3 of the Lair of Beasts)

   It has been specially enchanted to burn those struck by it, causing extra
   injury to most foes and up to half again as much damage against particularly
   susceptible opponents.
   Big, fiery blades are also staple armaments of hydra-hunters.
   It affects your strength (+4).
   It protects you from fire.
   It causes magical contamination when unequipped.
 c - a +3 mace of holy wrath
 x - the +6 trident of Sarupecs {elec, rElec rC+ Dex+4 Stlth+}
   (You found it on level 3 of the Lair of Beasts)

   Occasionally, upon striking a foe, it will discharge some electrical energy
   and cause terrible harm.
   It affects your dexterity (+4).
   It protects you from cold.
   It insulates you from electricity.
   It makes you more stealthy.
Missiles
 i - 2 poisoned javelins
 m - 3 tomahawks of dispersal
 t - 3 throwing nets
 H - 10 tomahawks (quivered)
Armour
 B - a +2 cloak of magic resistance (worn)
 F - the +5 scale mail of the Bruised Curses (worn) {rPois rN+ Dex+4}
   (You found it on level 8 of the Dungeon)

   It affects your dexterity (+4).
   It protects you from poison.
   It protects you from negative energy.
 P - a +0 pair of boots of flying (worn)
 Q - a +0 pair of gloves (worn)
Jewellery
 f - a ring of protection from fire (right hand)
 k - a +2 amulet of reflection
 q - a ring of ice (left hand)
 O - an amulet of the gourmand (around neck)
Wands
 s - a wand of flame (36)
 w - a wand of clouds (5)
 y - a wand of scattershot (20)
 D - a wand of acid (6)
 E - a wand of iceblast (37)
 L - a wand of enslavement (30)
Scrolls
 d - a scroll of enchant weapon
 h - a scroll of magic mapping {unknown}
 j - 9 scrolls of remove curse
 l - 10 scrolls of identify
 p - a scroll of enchant armour {unknown}
 u - a scroll of silence {unknown}
 K - 15 scrolls of teleportation
Potions
 b - a potion of ambrosia {unknown}
 e - 8 potions of curing
 r - a potion of cancellation {unknown}
 v - 4 potions of agility
 S - 3 potions of heal wounds
Books
 n - a book of Frost

   Spells                             Type                      Level
   a - Freeze                         Ice                          1
   b - Throw Frost                    Conjuration/Ice              2
   c - Ozocubu's Armour               Charms/Ice                   3
   d - Throw Icicle                   Conjuration/Ice              4
   e - Summon Ice Beast               Ice/Summoning                4
   Trog disapproves of the use of such an item.
Miscellaneous
 z - a fan of gales
 A - a box of beasts
 C - a phial of floods
 G - a lamp of fire
Comestibles
 g - 50 rations


   Skills:
 - Level 15.7(15.3) Fighting
 - Level 13.8(14.6) Maces & Flails
 - Level 7.0(9.3) Polearms
 + Level 10.2(13.5) Staves
 - Level 3.0(2.7) Throwing
 - Level 14.9(14.5) Armour
 - Level 10.4(10.1) Dodging
   Level 4.9(4.6) Shields
 - Level 4.4(4.1) Unarmed Combat
 - Level 9.0(8.7) Evocations


You had 14 spell levels left.
You didn't know any spells.

Dungeon Overview and Level Annotations

Branches:
Dungeon (15/15)            Temple (0/1) D:6            Lair (6/6) D:10
 Shoals (0/4) Lair:3       Spider (0/4) Lair:4        Slime (0/5) Lair:5
    Orc (2/2) D:11            Elf (0/3) Orc:2        Vaults (0/5) D:14
 Depths (0/5) D:15

Altars:
Ashenzari
Cheibriados
Dithmenos
Elyvilon
Gozag
Kikubaaqudgha
Nemelex Xobeh
Qazlal
Ru
Sif Muna
Trog
Uskayaw
Vehumet
Wu Jian
Yredelemnul
Zin
The Shining One
Beogh
Jiyva

Shops:
D:15 %   Orc:1 [

Annotations:
Lair:1 exclusion: oklob plant


Innate Abilities, Weirdness & Mutations

You reflexively headbutt those who attack you in melee.
You have a pair of horns on your head.


Message History

The ettin completely misses you.
The orc knight hits you with a great sword!!
* * * LOW HITPOINT WARNING * * *
The orc knight hits you with a great sword!!
* * * LOW HITPOINT WARNING * * *
The orc warrior misses you.
Okay, then.
A red film seems to cover your vision as you go berserk!
You feel yourself moving faster!
You feel mighty! The orc misses you. You furiously retaliate!
You headbutt the orc!
You kill the orc!
Trog accepts your kill.
You slash the ettin! You burn the ettin.
You headbutt the ettin, but do no damage.
The ettin is severely wounded.
The orc knight hits you but does no damage.
The ettin misses you. You furiously retaliate!
You headbutt the ettin!! The ettin closely misses you.
The orc knight barely misses you.
The orc warrior hits you from afar with a glaive!
You die...

...8..#....# ### ####.....##
.....)(..(####.## #####..)....#
..(..)))........# #.#..........
.......(.......## #............
..o8.....(.....## ###............
.#####(.....)...###.#......#.....
#....).)))o..##........#.#...
##..)>)))).C###......######..
#...))..(oo@#......## #.....
#......#.#)o...#....###.....
#.....###.....#......#......
##.#..# ##..................
###... #..................
#......#.##.##.........##
......#### ## #.........# ##.#.##
.......... # ..........


You could see 2 orc knights, an ettin, an orc warrior and an orc.

Vanquished Creatures
  Nessos (D:12)
  A dire elephant (Lair:6)
  A minotaur (Lab)
  Snorg (D:13)
  Josephine (D:12)
  The ghost of Baghtru the Cleaver, a journeyman HOFi of the Shining One (D:12)
  2 ogre magi
  Fannar (Lair:2)
  3 vault guards (D:14)
  Erolcha (D:13)
  9 hydras
  12 two-headed ogres
  4 centaur warriors
  A death knight (D:10)
  Nergalle (D:12)
  Sonja (D:13)
  Pikel (D:6)
  8 orc knights
  A deep elf mage (D:14)
  7 orc sorcerers
  An orb spider (shapeshifter) (D:8)
  An orb spider (Lair:4)
  6 ugly things
  6 cyclopes
  3 centaur zombies
  6 elephants (Lair:3)
  A naga mage (D:15)
  4 black mambas
  2 gargoyles
  7 torpor snails
  14 spiny frogs
  3 komodo dragons
  4 kobold demonologists
  9 trolls
  A hornet (D:8)
  11 polar bears
  12 hippogriffs
  10 blink frogs (Lair:4)
  5 dream sheep
  A slime creature (D:10)
  2 raiju (Lair:6)
  A shadow (D:12)
  Sigmund (D:6)
  2 centaur simulacra (D:14)
  A vampire (D:13)
  4 wraiths (D:12)
  4 spriggans
  A human (D:14)
  A wyvern (D:15)
  3 basilisks
  3 hungry ghosts
  31 yaks
  The ghost of anp the Grave Robber, an amateur DsNe (D:4)
  3 vampire mosquitoes (D:15)
  4 wargs (Lair:6)
  2 soldier ants (D:8)
  15 hell hounds (Lair:6)
  6 porcupines
  Duvessa (D:4)
  6 water moccasins
  6 ice beasts
  2 eyes of draining
  A phantom (D:6)
  32 orc warriors
  6 sky beasts
  13 ogres
  13 black bears
  22 wolves
  3 boggarts (D:15)
  2 necrophages
  6 centaurs
  15 crocodiles
  3 big kobolds
  Blork the orc (Orc:2)
  18 bullfrogs
  Dowan (D:4)
  A wyvern skeleton (D:11)
  4 scorpions
  A water moccasin skeleton (D:6)
  19 killer bees
  8 wights
  A spriggan skeleton (Lab)
  A troll skeleton (Lab)
  4 howler monkeys
  5 electric eels
  10 crimson imps
  2 bullfrog zombies
  3 jellies (D:10)
  A quasit (D:10)
  A wyvern simulacrum (D:14)
  A bullfrog skeleton (D:10)
  5 centaur skeletons
  7 hounds
  19 orc priests
  An iron imp (D:7)
  An iguana (D:6)
  27 orc wizards
  11 worker ants
  2 worker ant zombies
  6 gnolls
  18 adders
  A shadow imp (D:9)
  14 white imps
  2 ufetubi (D:14)
  An ooze (D:2)
  2 adder zombies
  An adder skeleton (D:9)
  4 worms
  3 dart slugs
  4 leopard geckos
  115 orcs
  5 bats
  7 giant cockroaches
  10 hobgoblins
  10 jackals
  3 quokkas
  A ball python (D:1)
  3 frilled lizards
  9 goblins
  21 kobolds
  A kobold skeleton (D:7)
  6 kobold zombies (D:7)
  A leopard gecko skeleton (D:4)
  2 leopard gecko zombies (D:5)
  An orc skeleton (D:7)
  2 orc zombies (D:7)
  A quokka skeleton (D:6)
  7 rats
  2 plants (Lair:6)
799 creatures vanquished.

Vanquished Creatures (collateral kills)
  Harold (Lair:2)
  3 dream sheep (Lair:6)
4 creatures vanquished.

Vanquished Creatures (others)
  An iguana (D:6)
  An orc (D:6)
  10 fungi
  21 plants
33 creatures vanquished.

Grand Total: 836 creatures vanquished

Notes
Turn   | Place    | Note
-------+----------+-------------------------------------------
     0 | D:1      | bobmail the Minotaur Berserker began the quest for the Orb.
     0 | D:1      | Reached XP level 1. HP: 19/19 MP: 0/0
    90 | D:1      | Reached XP level 2. HP: 22/26 MP: 1/1
   239 | D:1      | Reached skill level 5 in Maces & Flails
   244 | D:1      | Reached XP level 3. HP: 13/31 MP: 2/2
   918 | D:2      | Found a glowing silver altar of Zin.
   921 | D:2      | Reached ** piety under Trog
  1146 | D:2      | Reached skill level 4 in Fighting
  1310 | D:2      | Reached XP level 4. HP: 40/41 MP: 3/3
  1829 | D:3      | Reached skill level 5 in Fighting
  2578 | D:4      | Noticed anp's ghost (amateur DsNe)
  2591 | D:4      | Killed anp's ghost
  2591 | D:4      | Reached skill level 6 in Fighting
  2591 | D:4      | Reached XP level 5. HP: 16/51 MP: 4/4
  2851 | D:4      | Reached skill level 7 in Fighting
  2851 | D:4      | Reached XP level 6. HP: 58/60 MP: 5/5
  3014 | D:4      | Found an ancient bone altar of Kikubaaqudgha.
  3205 | D:4      | Noticed Duvessa
  3206 | D:4      | Noticed Dowan
  3216 | D:4      | Killed Duvessa
  3216 | D:4      | Reached skill level 5 in Armour
  3216 | D:4      | Reached XP level 7. HP: 52/66 MP: 6/6
  3244 | D:4      | Killed Dowan
  3753 | D:5      | Entered Level 5 of the Dungeon
  3753 | D:5      | Found a basalt altar of Yredelemnul.
  3755 | D:5      | Found a shattered altar of Ashenzari.
  4134 | D:5      | Reached *** piety under Trog
  4379 | D:6      | Noticed Sigmund
  4387 | D:6      | Killed Sigmund
  4447 | D:6      | Reached XP level 8. HP: 70/73 MP: 7/7
  4613 | D:6      | Noticed Pikel
  4626 | D:6      | Killed Pikel
  4662 | D:6      | Found a hide-covered altar of Uskayaw.
  4718 | D:6      | Reached skill level 10 in Maces & Flails
  4847 | D:6      | Found a staircase to the Ecumenical Temple.
  4923 | D:6      | Reached XP level 9. HP: 54/79 MP: 8/8
  5393 | D:7      | Noticed a two-headed ogre
  5404 | D:7      | Killed a two-headed ogre
  5670 | D:7      | Reached **** piety under Trog
  5682 | D:7      | Found a glowing golden altar of the Shining One.
  5766 | D:7      | Reached skill level 1 in Evocations
  5796 | D:7      | Reached XP level 10. HP: 52/86 MP: 10/10
  6439 | D:8      | Found a shadowy altar of Dithmenos.
  6452 | D:8      | Got a twisted scale mail
  6463 | D:8      | Identified the +5 scale mail of the Bruised Curses {rPois rN+ Dex+4} (You found it on level 8 of the Dungeon)
  6501 | D:8      | Noticed a two-headed ogre
  6509 | D:8      | Killed a two-headed ogre
  6554 | D:8      | Found a white marble altar of Elyvilon.
  6725 | D:8      | Reached ***** piety under Trog
  6736 | D:8      | Reached skill level 5 in Evocations
  6812 | D:8      | Reached skill level 1 in Shields
  6993 | D:8      | Reached skill level 1 in Unarmed Combat
  7002 | D:8      | Found a stormy altar of Qazlal.
  7108 | D:8      | Found a radiant altar of Vehumet.
  7110 | D:8      | Noticed an orb spider
  7131 | D:8      | Killed an orb spider
  7170 | D:8      | Found a sacrificial altar of Ru.
  7644 | D:9      | Received a gift from Trog
  7670 | D:9      | Reached skill level 1 in Staves
  7999 | D:9      | Reached XP level 11. HP: 92/92 MP: 13/13
  8008 | D:9      | Reached skill level 1 in Throwing
  8017 | D:9      | Found an ornate altar of the Wu Jian Council.
  8056 | D:9      | Found a deep blue altar of Sif Muna.
  8495 | D:10     | Entered Level 10 of the Dungeon
  8503 | D:10     | Reached skill level 5 in Staves
  8883 | D:10     | Found a viscous altar of Jiyva.
  8920 | D:10     | Reached skill level 8 in Fighting
  8986 | D:10     | Found a staircase to the Lair.
  8997 | Lair:1   | Entered Level 1 of the Lair of Beasts
  9828 | D:10     | Noticed a death knight
  9849 | D:10     | Killed a death knight
 10191 | Lair:1   | Reached skill level 9 in Fighting
 10546 | Lair:1   | Noticed an oklob plant
 11110 | Lair:1   | Received a gift from Trog
 12144 | Lair:2   | Noticed Fannar
 12152 | Lair:2   | Killed Fannar
 12152 | Lair:2   | Reached skill level 5 in Dodging
 12258 | Lair:2   | Noticed Harold
 12271 | Lair:2   | Killed Harold
 12564 | Lair:2   | Reached XP level 12. HP: 86/105 MP: 14/14
 12810 | Lair:3   | Got a pitted trident
 12818 | Lair:3   | Identified the +6 trident of Sarupecs {elec, rElec rC+ Dex+4 Stlth+} (You found it on level 3 of the Lair of Beasts)
 12824 | Lair:2   | Reached skill level 1 in Polearms
 13002 | Lair:3   | Found a staircase to the Shoals.
 13080 | Lair:3   | Got a bloodstained chain mail
 13088 | Lair:3   | Reached skill level 5 in Polearms
 13146 | Lair:3   | Noticed an eight-headed hydra
 13158 | Lair:2   | Identified the +1 chain mail "Sujatipi" {Regen+ Slay+3} (You found it on level 3 of the Lair of Beasts)
 13262 | Lair:3   | Killed an eight-headed hydra
 13385 | Lair:3   | Noticed an eight-headed hydra
 13396 | Lair:3   | Killed an eight-headed hydra
 13695 | Lair:3   | Noticed an eight-headed hydra
 13705 | Lair:3   | Killed an eight-headed hydra
 13710 | Lair:3   | Received a gift from Trog
 13717 | Lair:3   | Got a translucent lajatang {god gift}
 13718 | Lair:3   | Identified the +9 lajatang "Quydydem" {flame, *Contam rF+ Str+4} (Trog gifted it to you on level 3 of the Lair of Beasts)
 13765 | Lair:3   | Found a snail-covered altar of Cheibriados.
 13770 | Lair:3   | Reached skill level 10 in Armour
 13961 | Lair:3   | Reached skill level 10 in Fighting
 13978 | Lair:3   | Reached skill level 11 in Fighting
 14763 | Lair:4   | Reached skill level 12 in Fighting
 14956 | Lair:4   | Reached XP level 13. HP: 56/118 MP: 14/16
 15425 | Lair:4   | Found an opulent altar of Gozag.
 15574 | Lair:4   | Found a hole to the Spider Nest.
 16278 | Lair:5   | Found a staircase to the Slime Pits.
 16278 | Lair:5   | Found a viscous altar of Jiyva.
 16511 | Lair:6   | Entered Level 6 of the Lair of Beasts
 16701 | Lair:6   | Received a gift from Trog
 16745 | Lair:6   | Noticed a dire elephant
 16769 | Lair:6   | Killed a dire elephant
 17513 | Lair:6   | Reached ****** piety under Trog
 17529 | Lair:6   | Reached skill level 10 in Dodging
 17715 | Lair:6   | Reached XP level 14. HP: 94/126 MP: 19/19
 18288 | D:11     | Found a sparkling altar of Nemelex Xobeh.
 18431 | D:11     | Found a staircase to the Orcish Mines.
 18445 | D:11     | Received a gift from Trog
 19399 | D:12     | Noticed Baghtru's ghost (journeyman HOFi)
 19410 | D:12     | Killed Baghtru's ghost
 19419 | D:12     | Noticed Nergalle
 19423 | D:12     | Killed Nergalle
 19437 | D:12     | Noticed Josephine
 19444 | D:12     | Killed Josephine
 19619 | D:12     | Found a labyrinth entrance.
 19629 | D:12     | Noticed Nessos
 19645 | D:12     | Killed Nessos
 19656 | Lab      | Entered a labyrinth
 20420 | Lab      | Identified Wenoras Coipn's Incunabulum of Enhancements
 20424 | Lab      | Got a smelly plate armour
 20509 | D:12     | Identified the cursed +1 plate armour of Salvation {Str+3} (You found it in a labyrinth)
 20594 | D:12     | Received a gift from Trog
 21218 | D:13     | Reached skill level 13 in Fighting
 21246 | D:13     | Noticed Snorg
 21256 | D:13     | Killed Snorg
 21357 | D:13     | Noticed Erolcha
 21361 | D:13     | Killed Erolcha
 21386 | D:13     | Noticed Sonja
 21403 | D:13     | Killed Sonja
 21945 | D:14     | Reached skill level 14 in Fighting
 22333 | D:14     | Received a gift from Trog
 22862 | D:14     | Paralysed by an orc sorcerer for 6 turns
 23084 | D:14     | Reached XP level 15. HP: 139/139 MP: 20/20
 23111 | D:14     | Found a gate to the Vaults.
 23127 | D:14     | You are sucked into a shaft!
 23127 | D:15     | Entered Level 15 of the Dungeon
 23130 | D:15     | Reached skill level 15 in Fighting
 23491 | D:15     | Found a shattered altar of Ashenzari.
 23516 | D:15     | Received a gift from Trog
 23729 | D:15     | Found Qotoefuys's Food Shop.
 24056 | D:15     | Found a staircase to the Depths.
 24511 | Orc:1    | Entered Level 1 of the Orcish Mines
 24866 | Orc:1    | Received a gift from Trog
 25060 | Orc:2    | Entered Level 2 of the Orcish Mines
 25230 | Orc:1    | Found Zetuab's Armour Boutique.
 25232 | Orc:1    | Found a bloodstained altar of Trog.
 25507 | Orc:2    | Received a gift from Trog
 25675 | Orc:2    | Found a staircase to the Elven Halls.
 25688 | Orc:2    | Noticed Blork the orc
 25703 | Orc:2    | Killed Blork the orc
 25847 | Orc:2    | Found a roughly hewn altar of Beogh.
 25848 | Orc:2    | Reached skill level 10 in Staves
 25883 | Orc:2    | HP: 1/143 [orc knight/great sword (30)]
 25885 | Orc:2    | Mangled by an orc warrior

Skill      XL: |  1  2  3  4  5  6  7  8  9 10 11 12 13 14 15 |
---------------+----------------------------------------------+-----
Maces & Flails | 4 5 7 10 13 | 13.8
Fighting       | 4 6 7 9 12 14 15 | 15.7
Armour         | 5 6 7 9 10 12 13 14 | 14.9
Dodging        | 3 6 7 10 | 10.4
Evocations     | 1 5 8 9 |  9.0
Shields        | 4 |  4.9
Unarmed Combat | 4 |  4.4
Staves         | 3 8 10 | 10.2
Throwing       | 1 3 |  3.0
Polearms       | 7 |  7.0

Action                   |  1- 3 |  4- 6 |  7- 9 | 10-12 | 13-15 || total
-------------------------+-------+-------+-------+-------+-------++-------
Melee: Mace              |    22 |     9 |    58 |    25 |       ||   114
       Headbutt          |    16 |    15 |    44 |   140 |   231 ||   446
       Dagger            |    74 |    62 |    26 |       |       ||   162
       Whip              |       |       |   123 |   199 |       ||   322
       Lajatang          |       |       |       |   320 |   876 ||  1196
       Quarterstaff      |       |       |       |     1 |       ||     1
       Trident           |       |       |       |    18 |       ||    18
 Fire: Hunting sling     |       |    48 |       |       |       ||    48
       Hand crossbow     |       |       |    61 |   146 |       ||   207
Throw: Stone             |     2 |       |       |       |       ||     2
       Tomahawk          |       |       |       |     3 |    33 ||    36
       Javelin           |       |       |       |       |     2 ||     2
Invok: Berserk           |     1 |     2 |     4 |     2 |     2 ||    11
       Trog's Hand       |       |     1 |       |       |     2 ||     3
       Brothers in Arms  |       |       |       |     1 |     1 ||     2
 Abil: Stop Flying       |       |       |       |       |     1 ||     1
       Evoke Flight      |       |       |       |       |     1 ||     1
Evoke: Wand              |       |       |       |     4 |     6 ||    10
       Lamp of fire      |       |       |       |       |     2 ||     2
       Phial of floods   |       |       |       |       |     1 ||     1
  Use: Scroll            |     1 |       |     2 |     4 |     9 ||    16
       Potion            |       |       |     1 |       |     1 ||     2
 Stab: Distracted        |       |       |       |       |     1 ||     1
  Eat: Chunk             |     2 |     1 |    14 |    51 |    41 ||   109
       Ration            |       |     2 |       |     1 |       ||     3
Armor: Animal skin       |    11 |       |       |       |       ||    11
       Chain mail        |     7 |    40 |    22 |       |       ||    69
       Plate armour      |       |       |    62 |    14 |       ||    76
       Scale mail        |       |       |       |   270 |   335 ||   605
Dodge: Dodged            |    59 |    35 |    58 |   313 |   697 ||  1162
Block: Buckler           |       |       |     6 |    21 |       ||    27
